 Dungeon Crawl Stone Soup version 0.21.1-1-g345015f (webtiles) character file.

303 wojtek the Chopper (level 6, -3/51 HPs)
             Began as a Minotaur Fighter on July 28, 2018.
             Slain by a gnoll (5 damage)
             ... on level 5 of the Dungeon.
             The game lasted 00:05:11 (2444 turns).

wojtek the Chopper (Minotaur Fighter)               Turns: 2444, Time: 00:05:11

Health: -3/51      AC:  6    Str: 22    XL:     6   Next: 15%
Magic:  5/5        EV:  7    Int:  5    God:
Gold:   73         SH:  9    Dex: 10    Spells: 5/5 levels left

rFire    . . .     SeeInvis .   a - +0 war axe
rCold    . . .     Gourm    .   c - +0 shield
rNeg     . . .     Faith    .   b - +0 scale mail
rPois    .         Spirit   .   (helmet restricted)
rElec    .         Reflect  .   (no cloak)
rCorr    .         Harm     .   (no gloves)
MR       .....                  (no boots)
Stlth    ..........             (no amulet)
HPRegen  0.17/turn              (no ring)
MPRegen  0.09/turn              (no ring)

@: no status effects
A: retaliatory headbutt, horns 2
a: no special abilities


You were on level 5 of the Dungeon.
You were not hungry.

You visited 1 branch of the dungeon, and saw 6 of its levels.

You collected 73 gold pieces.

Inventory:

Hand Weapons
 a - a +0 war axe (weapon)
Armour
 b - a +0 scale mail (worn)
 c - a +0 shield (worn)
Jewellery
 r - a cursed -5 ring of slaying {unknown}
Scrolls
 g - 2 scrolls of teleportation {unknown}
 h - 3 scrolls of identify {unknown}
 j - a scroll of random uselessness {unknown}
 l - a scroll of immolation {unknown}
 n - 3 scrolls of fog {unknown}
 p - a scroll of remove curse {unknown}
Potions
 d - 2 potions of might
 e - a potion of curing
 i - a potion of magic {unknown}
 k - a potion of lignification {unknown}
 o - a potion of agility {unknown}
 q - 2 potions of heal wounds {unknown}
Comestibles
 f - 7 rations
 m - 3 chunks of flesh


   Skills:
 - Level 3.6 Fighting
 + Level 7.9 Axes
 - Level 3.6 Armour
 - Level 3.6 Shields


You had 5 spell levels left.
You didn't know any spells.

Dungeon Overview and Level Annotations

Branches:
Dungeon (6/15)
 Temple: D:4-7

Altars:
Trog

Annotations:
D:4 Lilu's ghost, amateur DECj


Innate Abilities, Weirdness & Mutations

You reflexively headbutt those who attack you in melee.
You have a pair of horns on your head.


Message History

The gnoll hits you!
* * * LOW HITPOINT WARNING * * *
You block the gnoll's attack.
Lilu's ghost screams, "Zot is a myth, the ORB is a fable, you'll soon be a tale!"
There is a stone staircase leading down here.
The gnoll hits you but does no damage.
Lilu's ghost gestures at you while chanting.
The magic dart hits you!
* * * LOW HITPOINT WARNING * * *
You climb downwards.
There is a stone staircase leading up here.
You hit the gnoll.
The gnoll is heavily wounded.
The gnoll hits you.
* * * LOW HITPOINT WARNING * * *
You block the gnoll's attack.
You hit the gnoll.
The gnoll is almost dead.
The gnoll hits you.
You die...

.8## .### .# 8#. .#
#.####.## <..
#.......##....
#..............
#####.g............
.......@...........
#..................
...................
..................
.............#.##
...............#
.......5.......#
#.............##
#..............#


You could see a gnoll and a shadow imp.

Vanquished Creatures
  A bullfrog (D:6)
  An orc wizard (D:4)
  A worker ant (D:3)
  Robin (D:3)
  3 gnolls
  5 adders
  A river rat (D:3)
  3 worms
  2 leopard geckos (D:3)
  7 orcs
  3 bats
  6 giant cockroaches
  16 goblins
  9 hobgoblins
  6 kobolds
  A quokka (D:3)
  2 ball pythons (D:3)
  6 frilled lizards
  5 rats
79 creatures vanquished.

Notes
Turn   | Place    | Note
-------+----------+-------------------------------------------
     0 | D:1      | wojtek the Minotaur Fighter began the quest for the Orb.
     0 | D:1      | Reached XP level 1. HP: 19/19 MP: 0/0
   211 | D:1      | Reached skill level 3 in Axes
   238 | D:1      | Reached XP level 2. HP: 26/26 MP: 1/1
   855 | D:2      | Reached skill level 4 in Axes
   925 | D:2      | Reached XP level 3. HP: 23/31 MP: 2/2
  1779 | D:3      | Reached skill level 5 in Axes
  1779 | D:3      | Reached XP level 4. HP: 21/39 MP: 3/3
  1794 | D:3      | Noticed Robin
  1921 | D:3      | Reached skill level 6 in Axes
  2003 | D:3      | Killed Robin
  2003 | D:3      | Reached XP level 5. HP: 13/45 MP: 4/4
  2172 | D:3      | Found a bloodstained altar of Trog.
  2314 | D:3      | You fall through a shaft for 3 floors!
  2326 | D:6      | Reached skill level 7 in Axes
  2332 | D:5      | Entered Level 5 of the Dungeon
  2351 | D:4      | Reached XP level 6. HP: 30/51 MP: 5/5
  2403 | D:4      | Noticed Lilu's ghost (amateur DECj)
  2443 | D:5      | HP: 2/51 [gnoll (2)]
  2444 | D:5      | Slain by a gnoll

Skill      XL: |  1  2  3  4  5 |
---------------+----------------+-----
Axes           | 3 4 5 6 7 |  7.9
Fighting       | |  3.6
Armour         | |  3.6
Shields        | |  3.6

Action                   |  1- 3 |  4- 6 || total
-------------------------+-------+-------++-------
Melee: War axe           |    97 |    81 ||   178
       Headbutt          |     8 |    18 ||    26
  Use: Potion            |       |     1 ||     1
  Eat: Chunk             |     2 |     3 ||     5
Armor: Scale mail        |    37 |    38 ||    75
Dodge: Dodged            |    24 |    34 ||    58
Block: Shield            |    41 |    52 ||    93
